AoeStats
← agufiru17

Arabia

510665807Analyzed
1v1 RM · 2d ago on Oct 2, 2026· 26m 17s· 2 players
Game mode
Random Map
Map size
Tiny (2 player)
Population
200
Speed
Normal
Resources
Standard
Victory
Conquest
Starting age
Dark Age
Ending age
Imperial Age
RankedLock teamsTeams togetherTeam positionsShared explorationLock speedFull tech treeHidden civsTurbo modeCheats
Victory
Defeat
🇦🇷 Dravidians · Argentina
1154
+15
🇦🇷 Burgundians · Argentina
1142
-15
Emma AoE
4:01 Loom
11:22 Feudal Age
16:33 Double-Bit Axe
20:56 Castle Age
20:46 Scale Barding Armor
20:51 Forging
21:01 Cavalier
23:36 Husbandry
25:28 Iron Casting
agufiru17
7:05 Loom
9:53 Feudal Age
10:31 Double-Bit Axe
12:20 Fletching
17:27 Horse Collar
20:56 Castle Age
18:53 Gold Mining
21:38 Bodkin Arrow
21:54 Bow Saw
22:54 Wheelbarrow
23:11 Town Watch
23:31 Padded Archer Armor
26:17 Leather Archer Armor
Connection lost

Rejoining the realm…

Still unreachable

The connection could not be restored.

Session expired

The server has moved on; the page needs a fresh start.